 Dungeon Crawl Stone Soup version 0.27-a0-1579-g97d2440184 (webtiles) character file.

Game seed: 1028504413682012863

79665 quinnr the Cloud Mage (level 15, 0/92 HPs)
             Began as a Tengu Air Elementalist on July 17, 2021.
             Was a High Priest of Vehumet.
             Slain by a naga warrior (22 damage)
             ... on level 1 of the Snake Pit on July 18, 2021.
             The game lasted 01:23:02 (31576 turns).

quinnr the Cloud Mage (Tengu Air Elementalist)     Turns: 31576, Time: 01:23:02

Health: 0/92       AC:  9    Str:  9    XL:     15   Next: 64%
Magic:  11/27      EV: 19    Int: 33    God:    Vehumet [*****.]
Gold:   762        SH:  9    Dex: 20    Spells: 4/28 levels left

rFire    + . .     SeeInvis +   L - staff of air
rCold    + . .     Faith    .   p - +3 buckler "Mobb" {Fly Int+4}
rNeg     . . .     Spirit   .   m - +3 leather armour of Space {rPois SInv}
rPois    +         Reflect  .   b - +2 hat
rElec    +         Harm     .   q - scarf {rC+ rF+}
rCorr    .         Rampage  .   B - +0 pair of gloves
Will     ++...                  (boots unavailable)
Stlth    ++........             y - amulet of magic regeneration
HPRegen  0.25/turn              a - ring of Orytapp {Will+ Int+9}
MPRegen  0.45/turn              Q - ring "Jutudov" {EV+4 Dex+4}

@: flying quickly and evasively, constricted, quick
A: beak, talons 3, nimble flight, mutation resistance 1
a: Renounce Religion


You were on level 1 of the Snake Pit.
You worshipped Vehumet.
Vehumet was extremely pleased with you.
You visited 4 branches of the dungeon, and saw 23 of its levels.
You visited 1 bazaar.
You also visited: Gauntlet.

You collected 2009 gold pieces.
You spent 1247 gold pieces at shops.

Inventory:

Hand Weapons
 H - the +4 eveningstar "Weps" {vamp, rElec Stlth+}
   (You found it on level 9 of the Dungeon)

   It occasionally heals its wielder for a portion of the damage dealt when it
   wounds a living foe.
   rElec:     It insulates you from electricity.
   Stlth:     It makes you more stealthy.
Missiles
 g - a throwing net
 x - 7 curare-tipped darts
 K - 9 atropa-tipped darts
Armour
 b - a +2 hat (worn)
 c - a +2 robe of willpower
 f - the +1 robe of Boredom {rPois}
   (You found it in a Gauntlet)

   rPois:     It protects you from poison.
 m - the +3 leather armour of Space (worn) {rPois SInv}
   (You found it on level 6 of the Lair of Beasts)

   rPois:     It protects you from poison.
   SInv:      It lets you see invisible.
 p - the +3 buckler "Mobb" (worn) {Fly Int+4}
   (You found it on level 11 of the Dungeon)

   Int:       It affects your intelligence (+4).
   Fly:       It grants you flight.
 q - a scarf of resistance (worn)
 B - a +0 pair of gloves (worn)
Magical Staves
 L - a staff of air (weapon)
Jewellery
 a - the ring of Orytapp (left hand) {Will+ Int+9}
   (You found it on level 6 of the Lair of Beasts)

   [ring of willpower]

   Int:       It affects your intelligence (+9).
   Will:      It increases your willpower.
 d - a +4 ring of protection
 e - an amulet of guardian spirit
 y - an amulet of magic regeneration (around neck)
 I - a ring of protection from fire
 M - a ring of fire
 Q - the ring "Jutudov" (right hand) {EV+4 Dex+4}
   (You took it off an orc knight on level 10 of the Dungeon)

   [ring of evasion]

   EV:        It affects your evasion (+4).
   Dex:       It affects your dexterity (+4).
 W - a ring of ice
Wands
 o - a wand of iceblast (53)
 r - a wand of acid (3)
 v - a wand of digging (13)
 E - a wand of flame (59)
 N - a wand of charming (8)
 T - a wand of polymorph (7)
 U - a wand of paralysis (7)
Scrolls
 k - 3 scrolls of fear
 l - 7 scrolls of teleportation
 n - 4 scrolls of identify
 s - a scroll of fog
 u - a scroll of holy word
 w - 3 scrolls of magic mapping
 D - a scroll of brand weapon
 J - 3 scrolls of enchant armour
 S - 5 scrolls of amnesia
Potions
 h - 7 potions of heal wounds
 i - 4 potions of magic
 j - 9 potions of curing
 t - 3 potions of mutation
 z - 5 potions of berserk rage
 A - 3 potions of lignification
 C - 2 potions of cancellation
 G - 5 potions of brilliance
 V - 3 potions of haste
 X - a potion of invisibility {unknown}
Miscellaneous
 F - a box of beasts
 Y - a phial of floods


   Skills:
 + Level 10.0 Fighting
 - Level 5.0 Armour
 - Level 5.9 Dodging
 - Level 2.0 Stealth
 - Level 4.0 Shields
 + Level 7.3 Spellcasting
 - Level 8.0 Conjurations
 - Level 5.0 Summonings
 - Level 6.0 Ice Magic
 + Level 24.1 Air Magic


You had 4 spell levels left.
You knew the following spells:

 Your Spells              Type           Power      Damage    Failure   Level
a - Shock                 Conj/Air       100%       1d9       0%          1
b - Airstrike             Air            65%        N/A       0%          4
c - Summon Lightning Spi  Summ/Air       100%       N/A       1%          4
d - Mephitic Cloud        Conj/Pois/Air  90%        N/A       1%          3
e - Poisonous Vapours     Pois/Air       100%       N/A       1%          2
f - Freezing Cloud        Conj/Ice/Air   48%        6-21      1%          5
g - Lightning Bolt        Conj/Air       54%        1d76      1%          5

Your spell library contained the following spells:

 Spells                   Type           Power      Damage    Failure   Level
 Iskenderun's Battlesphe  Conj           60%        2d11      1%          5
 Static Discharge         Conj/Air       100%       N/A       0%          2
 Swiftness                Air            100%       N/A       0%          3
 Freeze                   Ice            100%       1d11      1%          1
 Call Imp                 Summ           45%        N/A       1%          2
 Conjure Flame            Conj/Fire      38%        6-21      1%          3
 Dazzling Flash           Conj/Hex       76%        N/A       1%          3
 Frozen Ramparts          Ice            100%       1d12      1%          3
 Hailstorm                Conj/Ice       55%        3d12      1%          4
 Animate Skeleton         Necr           24%        N/A       4%          1
 Pain                     Necr           48%        1d6       4%          1
 Sting                    Tmut/Pois      48%        1d5       4%          1
 Ignite Poison            Fire/Tmut/Pois 12%        N/A       4%          3
 Summon Ice Beast         Ice/Summ       48%        N/A       4%          4
 Passwall                 Tmut/Erth      10%        N/A       8%          2
 Sublimation of Blood     Necr           6%         N/A       8%          2
 Olgreb's Toxic Radiance  Pois           12%        N/A       13%         4
 Gell's Gravitas          Tloc           6%         N/A       14%         3
 Lesser Beckoning         Tloc           6%         N/A       14%         3
 Teleport Other           Tloc           12%        N/A       14%         3
 Vampiric Draining        Necr           6%         2d6       14%         3
 Ice Form                 Ice/Tmut       31%        N/A       14%         4
 Animate Armour           Summ/Erth      56%        N/A       17%         4
 Petrify                  Tmut/Erth      12%        N/A       43%         4
 Silence                  Hex/Air        47%        N/A       1%          5
 Maxwell's Capacitive Co  Air            65%        ∞         1%          8
 Irradiate                Conj/Tmut      19%        3d19      7%          5
 Bolt of Magma            Conj/Fire/Erth 14%        4d8       12%         5
 Storm Form               Tmut/Air       47%        N/A       30%         7
 Iron Shot                Conj/Erth      19%        9d4       34%         6
 Agony                    Necr           12%        N/A       80%         5
 Alistair's Intoxication  Tmut/Pois      8%         N/A       80%         5
 Blade Hands              Tmut           6%         N/A       80%         5
 Monstrous Menagerie      Summ           22%        N/A       99%         7
 Invisibility             Hex            6%         N/A       100%        6


Dungeon Overview and Level Annotations

Branches:
Dungeon (15/15)            Temple (1/1) D:6            Lair (6/6) D:9
  Swamp (0/4) Lair:3        Snake (1/4) Lair:3        Slime (0/5) Lair:5
    Orc (0/2) D:9          Vaults (0/5) D:14         Depths (0/5) D:15
Gauntlet (visited)

Altars:
Ashenzari
Cheibriados
Dithmenos
Elyvilon
Fedhas
Gozag
Hepliaklqana
Kikubaaqudgha
Makhleb
Nemelex Xobeh
Okawaru
Qazlal
Ru
Sif Muna
Trog
Uskayaw
Vehumet
Wu Jian
Xom
Yredelemnul
Zin
The Shining One

Shops:
D:1 ?   D:9 *

Portals:
Trove: D:15 (show abyssal rune of Zot)

Annotations:
D:10 1 runed translucent door
Lair:3 2 transporters, Emecuovvich's ghost, journeyman OgBe


Innate Abilities, Weirdness & Mutations

You have a beak for a mouth.
You have claws for feet.
Your magical nature lets you fly swiftly and evasively.
You are somewhat resistant to further mutation.


Message History

Press: ? - help, Dir - move target, f - naga warrior
Aim: a naga warrior, wielding a +0 hand axe (lightly wounded, constricting you, catching its breath)
You feel a surge of power!
The air twists around and strikes the naga warrior!!
The naga warrior is moderately wounded.
The naga warrior spits poison at you. You block the splash of poison.
* * * LOW HITPOINT WARNING * * *
The naga warrior constricts you.
The salamander shoots an arrow.
The arrow hits you!
* * * LOW HITPOINT WARNING * * *
The naga barely misses your lightning spire.
You block the naga's attack.
The naga barely misses your lightning spire.
Unknown command.
Unknown command.
You feel much better. You block the naga warrior's attack.
The naga warrior constricts you.
The salamander shoots an arrow.
The arrow barely misses you.
The naga hits your lightning spire with a +0 battleaxe!!!
The naga hits you with a +0 battleaxe!
* * * LOW HITPOINT WARNING * * *
The naga grabs your lightning spire.
The naga constricts your lightning spire.
Your lightning spire shoots out a bolt of lightning at the naga!
The bolt of electricity hits the naga!!
The naga dies!
Vehumet accepts your kill.
Unknown command.
Casting: Airstrike (safe; 0% risk of failure)
Confirm with . or Enter, or press ? or * to list all spells.
Aiming: Mephitic Cloud (safe; 1% risk of failure)
Press: ? - help, Shift-Dir - straight line, f - salamander, p - naga warrior
Aim: a salamander, wielding a +0 shortbow of flaming and quivering arrows (strong, chance to affect: 62%)
You feel a surge of power!
The ball explodes into a vile cloud!
The stinking cloud engulfs the salamander but does no damage.
You hear an angry hiss.
You hear a shout!
You hear an angry hiss.
A black mamba comes into view.
The naga warrior hits you with a +0 hand axe!!
You die...

#.............
#..§§§........
#..§N§........
#..§§§.......#
#!.....$.....#
#......8.....#
##....N†).....#
.......@......#
##............#
#..........###
#........###
#.......##
#......##
#......#
......S#


You could see a naga warrior (ally target), a salamander (strong), a black mamba
and a friendly lightning spire (summoned).

Vanquished Creatures
  Gastronok (Lair:3)
  A minotaur (Gauntlet)
  The ghost of Atlas the Frost Mage, a journeyman DsIE of Vehumet (D:11)
  A great orb of eyes (D:14)
  4 hydras
  2 boulder beetles
  A merfolk avatar (Lair:6)
  2 ogre magi
  A two-headed ogre (D:15)
  8 centaur warriors
  4 death yaks
  4 hell knights (D:14)
  2 skeletal warriors
  A sixfirhy (Gauntlet)
  2 sea snakes (Lair:6)
  3 necromancers (D:14)
  2 wizards (D:14)
  Pikel (D:7)
  A deep elf pyromancer (D:14)
  3 ugly things
  3 cyclopes
  2 elephants (Lair:4)
  5 manticores
  A black mamba (shapeshifter) (D:13)
  2 rust devils (D:14)
  An apocalypse crab (Gauntlet)
  An orange demon (D:14)
  6 black mambas
  A gargoyle (D:12)
  5 komodo dragons
  A torpor snail (Lair:6)
  2 kobold demonologists
  An unseen horror (D:11)
  3 cane toads
  Psyche (D:8)
  A rime drake (Lair:6)
  A tengu conjurer (D:15)
  A meliai (D:14)
  A polar bear (Lair:5)
  5 trolls
  2 hornets (D:9)
  4 dream sheep
  5 slime creatures
  11 blink frogs
  A dream sheep (shapeshifter) (D:10)
  A centaur simulacrum (D:13)
  Sigmund (D:2)
  13 yaks
  A fire elemental (D:13)
  4 wyverns
  7 wraiths
  A neqoxec (Gauntlet)
  4 vampire mosquitoes
  6 steam dragons
  2 basilisks
  2 acid dragons
  7 hell hounds (D:14)
  9 water moccasins
  An ice beast (D:5)
  4 necrophages (D:4)
  A swamp drake (shapeshifter) (D:11)
  An orc warrior (D:7)
  A black bear (Lair:3)
  A hornet zombie (D:5)
  An ogre (D:3)
  6 wolves
  10 centaurs
  A phantom (D:5)
  A kobold brigand (D:12)
  4 bullfrogs
  A scorpion (D:5)
  A water moccasin zombie (D:5)
  A water moccasin skeleton (D:4)
  4 wights
  4 killer bees
  5 howler monkeys
  A howler monkey (shapeshifter) (D:11)
  2 centaur zombies
  6 hounds
  4 orc priests
  3 jellies
  A bullfrog zombie (D:6)
  A gnoll shaman (D:10)
  A scorpion zombie (D:4)
  Ijyb (D:3)
  3 iguanas
  8 orc wizards
  A killer bee zombie (D:5)
  A howler monkey zombie (D:10)
  6 adders
  2 ufetubi
  An adder zombie (D:4)
  An adder skeleton (D:4)
  6 worms
  A dart slug (D:1)
  27 orcs
  7 ball pythons
  4 bats
  An endoplasm (D:1)
  A giant cockroach (D:4)
  6 hobgoblins
  4 jackals (D:2)
  8 kobolds
  2 quokkas
  5 frilled lizards
  3 goblins
  A jackal zombie (D:4)
  2 rats (D:2)
339 creatures vanquished.

Vanquished Creatures (collateral kills)
  An ironbound preserver (D:13)
  A very ugly thing (D:10)
  Azrael (D:13)
  A dire elephant (D:15)
  A vault guard (D:15)
  2 hydras (Lair:3)
  Fannar (Lair:2)
  3 catoblepae
  2 centaur warriors
  An anaconda (Snake:1)
  3 two-headed ogres (D:15)
  2 death yaks
  3 tengu warriors
  Sonja (Lair:2)
  2 skeletal warriors (D:13)
  A glowing orange brain (D:11)
  2 wizards (D:14)
  An orc knight (D:10)
  A lindwurm (Lair:6)
  A wolf spider (D:9)
  An orb spider (shapeshifter) (D:11)
  7 ugly things
  A cyclops (D:14)
  2 manticores
  A salamander (D:15)
  4 elephants
  5 black mambas
  A gargoyle (D:8)
  Joseph (D:7)
  2 torpor snails (Lair:5)
  3 cane toads
  2 kobold demonologists (D:12)
  3 rime drakes
  6 komodo dragons
  2 freezing wraiths
  6 trolls
  A hornet (Lair:6)
  8 blink frogs
  3 dream sheep (Lair:5)
  10 slime creatures
  A shadow (D:11)
  2 wraiths
  12 yaks
  A wyvern (D:9)
  A chaos spawn (Gauntlet)
  A neqoxec (D:11)
  4 basilisks
  A steam dragon (Lair:6)
  A vampire mosquito (D:11)
  A redback simulacrum (D:14)
  2 nagas
  An acid dragon (D:8)
  12 water moccasins
  4 hell hounds (D:13)
  An ice beast (D:7)
  4 black bears
  An ogre (D:15)
  7 wolves
  5 centaurs
  2 lemures (D:7)
  A kobold brigand (D:12)
  8 bullfrogs
  A wyvern zombie (D:8)
  9 wights
  5 killer bees
  A centaur zombie (D:7)
  2 hounds (D:9)
  An orc priest (D:8)
  2 orc wizards
  A killer bee zombie (D:8)
  A howler monkey zombie (D:8)
  3 ufetubi (Gauntlet)
  3 orcs
202 creatures vanquished.

Vanquished Creatures (others)
  A bush (D:4)
  16 fungi
  75 plants
92 creatures vanquished.

Grand Total: 633 creatures vanquished

Notes
Turn   | Place    | Note
-------+----------+-------------------------------------------
     0 | D:1      | quinnr the Tengu Air Elementalist began the quest for the
                  | Orb.
     0 | D:1      | Reached XP level 1. HP: 10/10 MP: 4/4
   271 | D:1      | Reached XP level 2. HP: 15/15 MP: 1/6
   350 | D:1      | Found Naq Yxerch's Magic Scroll Shoppe.
   363 | D:1      | Bought a scroll of identify for 26 gold pieces
   626 | D:1      | Found a faded altar of an unknown god.
  1003 | D:1      | Reached skill level 5 in Air Magic
  1509 | D:1      | Reached XP level 3. HP: 19/19 MP: 1/7
  2240 | D:2      | Noticed Sigmund
  2314 | D:2      | Killed Sigmund
  2315 | D:2      | Reached skill level 8 in Air Magic
  2315 | D:2      | Reached XP level 4. HP: 7/24 MP: 1/8
  2315 | D:2      | Gained mutation: Your magical nature lets you fly swiftly
                  | and evasively. [Tengu growth]
  2315 | D:2      | Reached XP level 5. HP: 8/28 MP: 1/9
  2766 | D:3      | Reached XP level 6. HP: 32/32 MP: 5/10
  2903 | D:3      | Noticed Ijyb
  2910 | D:3      | Learned a level 4 spell: Airstrike
  2919 | D:3      | Killed Ijyb
  2920 | D:3      | Reached skill level 9 in Air Magic
  4270 | D:4      | Reached skill level 1 in Fighting
  4270 | D:4      | Reached XP level 7. HP: 38/38 MP: 7/11
  4789 | D:4      | Found a blossoming altar of Fedhas.
  6032 | D:4      | Reached skill level 10 in Air Magic
  6050 | D:4      | Reached XP level 8. HP: 31/45 MP: 1/15
  6280 | D:5      | Entered Level 5 of the Dungeon
  6312 | D:5      | Identified 2 scrolls of acquirement
  6312 | D:5      | Acquired the Almanac of Companions and Intoxication
  6313 | D:5      | Acquired a scarf of resistance
  6624 | D:5      | Reached skill level 5 in Spellcasting
  6630 | D:5      | Learned a level 4 spell: Summon Lightning Spire
  6919 | D:5      | Reached skill level 1 in Summonings
  7746 | D:6      | Reached skill level 11 in Air Magic
  7746 | D:6      | Reached XP level 9. HP: 49/52 MP: 4/17
  8187 | D:6      | Found a staircase to the Ecumenical Temple.
  8194 | Temple   | Entered the Ecumenical Temple
  8389 | Temple   | Became a worshipper of Vehumet
  8816 | D:7      | Noticed Pikel
  8819 | D:7      | Killed Pikel
  8820 | D:7      | Reached skill level 5 in Fighting
  8860 | D:7      | Reached skill level 5 in Summonings
  8860 | D:7      | Reached skill level 12 in Air Magic
  8903 | D:7      | Noticed Joseph
  8917 | D:7      | Killed Joseph
  9453 | D:7      | Reached skill level 13 in Air Magic
  9837 | D:7      | Identified the +0 pair of boots "Erruon" {rElec}
 10112 | D:8      | Reached * piety under Vehumet
 10112 | D:8      | Offered knowledge of Magic Dart by Vehumet.
 10342 | D:8      | Reached XP level 10. HP: 59/59 MP: 13/18
 10344 | D:8      | Reached skill level 14 in Air Magic
 10667 | D:8      | Noticed a boulder beetle
 10677 | D:8      | HP: 5/59 [boulder beetle (54)]
 10724 | D:8      | Reached skill level 15 in Air Magic
 11051 | D:8      | Noticed Psyche
 11064 | D:8      | Killed Psyche
 11266 | D:8      | Noticed a gargoyle
 11276 | D:8      | Killed a gargoyle
 11704 | D:8      | Killed a boulder beetle
 11705 | D:8      | Reached skill level 16 in Air Magic
 12001 | D:9      | Reached ** piety under Vehumet
 12018 | D:9      | Found a staircase to the Lair.
 12022 | D:9      | Offered knowledge of Foxfire by Vehumet.
 12194 | D:9      | Learned a level 3 spell: Mephitic Cloud
 12411 | D:9      | Reached skill level 17 in Air Magic
 12415 | D:9      | Reached XP level 11. HP: 42/63 MP: 7/19
 12527 | D:9      | Found a staircase to the Orcish Mines.
 12685 | D:9      | Found Coud's General Store.
 12688 | D:9      | Bought a scroll of magic mapping for 45 gold pieces
 12688 | D:9      | Bought a scroll of identify for 26 gold pieces
 12688 | D:9      | Bought a scroll of identify for 26 gold pieces
 13081 | D:9      | Found a runed translucent door.
 13081 | D:9      | Noticed a centaur warrior
 13082 | D:9      | Noticed an ogre mage
 13086 | D:9      | HP: 2/63 [centaur warrior/arrow (16)]
 13089 | D:9      | Killed a centaur warrior
 13495 | D:9      | Paralysed by something for 4 turns
 13499 | D:9      | Killed an ogre mage
 13572 | D:9      | Noticed a skeletal warrior
 13580 | D:9      | Killed a skeletal warrior
 13714 | D:9      | Noticed a manticore
 13719 | D:9      | Killed a manticore
 13940 | D:9      | Noticed a wolf spider
 13942 | D:9      | Killed a wolf spider
 14078 | D:9      | Identified the +4 eveningstar "Weps" {vamp, rElec Stlth+}
 14129 | D:10     | Entered Level 10 of the Dungeon
 14595 | D:10     | Reached skill level 5 in Dodging
 14597 | D:10     | Reached skill level 5 in Armour
 14605 | D:10     | Learned a level 2 spell: Poisonous Vapours
 14782 | D:10     | Found a runed translucent door.
 14822 | D:10     | Noticed a red ugly thing
 14823 | D:10     | Noticed a white ugly thing
 14824 | D:10     | Noticed a tengu warrior
 14874 | D:10     | Noticed a centaur warrior
 14883 | D:10     | Killed a centaur warrior
 15111 | D:10     | Noticed a boulder beetle
 15132 | D:10     | Killed a boulder beetle
 15136 | D:10     | Identified the +1 robe of Follow the Leader {Dex+2}
 15136 | D:10     | Identified the ring of Qomidwerph {Fly Will+}
 15136 | D:10     | Noticed a centaur warrior
 15137 | D:10     | Noticed a centaur warrior
 15142 | D:10     | Killed a centaur warrior
 15143 | D:10     | Killed a centaur warrior
 15178 | D:10     | Killed a tengu warrior
 15416 | D:10     | Noticed a purple ugly thing
 15427 | D:10     | Offered knowledge of Conjure Flame by Vehumet.
 15479 | D:10     | Reached skill level 1 in Shields
 15507 | D:10     | Noticed a cyan ugly thing
 15518 | D:10     | Killed a red ugly thing
 15519 | D:10     | Reached skill level 18 in Air Magic
 15519 | D:10     | Reached XP level 12. HP: 69/69 MP: 8/21
 15581 | D:10     | Identified the ring "Jutudov" {EV+4 Dex+4}
 15817 | D:10     | Reached *** piety under Vehumet
 16185 | Lair:1   | Entered Level 1 of the Lair of Beasts
 16507 | Lair:1   | Offered knowledge of Stone Arrow by Vehumet.
 17208 | Lair:2   | Reached skill level 19 in Air Magic
 17303 | Lair:2   | Reached **** piety under Vehumet
 17352 | Lair:2   | Noticed a catoblepas
 17354 | Lair:2   | Noticed Sonja
 17358 | Lair:2   | Killed a catoblepas
 17367 | Lair:2   | Killed Sonja
 17764 | Lair:2   | Noticed Fannar
 17774 | Lair:2   | Killed Fannar
 17987 | Lair:3   | Found a transporter.
 18100 | Lair:3   | Found a transporter.
 18102 | Lair:3   | Noticed Emecuovvich's ghost (journeyman OgBe)
 18196 | Lair:3   | Found a staircase to the Snake Pit.
 18211 | Lair:3   | Offered knowledge of Freezing Cloud by Vehumet.
 18218 | Lair:3   | Learned a level 5 spell: Freezing Cloud
 18242 | Lair:3   | Noticed Gastronok
 18251 | Lair:3   | Killed Gastronok
 18252 | Lair:3   | Reached XP level 13. HP: 78/78 MP: 5/23
 18389 | Lair:3   | Found a staircase to the Swamp.
 18406 | Lair:3   | Reached skill level 5 in Conjurations
 18782 | Lair:3   | Reached skill level 20 in Air Magic
 19997 | Lair:4   | Reached ***** piety under Vehumet
 20078 | Lair:4   | Offered knowledge of Fulminant Prism by Vehumet.
 20612 | Lair:5   | Found a staircase to the Slime Pits.
 20661 | Lair:5   | Reached skill level 21 in Air Magic
 21968 | Lair:5   | Reached XP level 14. HP: 84/84 MP: 16/24
 22294 | Lair:6   | Entered Level 6 of the Lair of Beasts
 22365 | Lair:6   | Reached skill level 22 in Air Magic
 23916 | Lair:6   | Identified the ring of Orytapp {Will+ Int+9}
 23947 | Lair:6   | Identified the +3 leather armour of Space {rPois SInv}
 24605 | D:11     | Found a runed translucent gate.
 24605 | D:11     | Found a runed translucent gate.
 24605 | D:11     | Noticed a white very ugly thing
 24606 | D:11     | Found a runed translucent gate.
 24770 | D:11     | Offered knowledge of Yara's Violent Unravelling by Vehumet.
 24932 | D:11     | Identified the +3 buckler "Mobb" {Fly Int+4}
 25144 | D:11     | Reached skill level 23 in Air Magic
 25737 | D:10     | Killed a white very ugly thing
 25920 | D:11     | Found a runed translucent gate.
 25920 | D:11     | Found a runed translucent gate.
 25921 | D:11     | Noticed Atlas's ghost (journeyman DsIE)
 25926 | D:11     | Found a runed translucent gate.
 25941 | D:11     | Killed Atlas's ghost
 26004 | D:11     | Identified the +0 cloak "Qosatits" {Int+2}
 26967 | D:13     | Reached skill level 1 in Ice Magic
 26983 | D:13     | Found a gate leading to a gauntlet.
 27004 | Gauntlet | Entered a Gauntlet
 27004 | Gauntlet | Found a transporter.
 27004 | Gauntlet | Found a transporter.
 27004 | Gauntlet | Found a transporter.
 27119 | Gauntlet | Learned a level 5 spell: Lightning Bolt
 27128 | Gauntlet | Found a transporter.
 27128 | Gauntlet | Found a transporter.
 27175 | Gauntlet | Gained mutation: You are partially covered in large bone
                  | plates. (SH +4) [a neqoxec]
 27199 | Gauntlet | Found a transporter.
 27199 | Gauntlet | Found a transporter.
 27218 | Gauntlet | Got the Reference Book on Flames
 27222 | Gauntlet | Found a transporter.
 27258 | Gauntlet | Found a transporter.
 27407 | Gauntlet | Identified the +1 robe of Boredom {rPois}
 27431 | D:13     | Found a flickering gateway to a bazaar.
 27432 | D:13     | Noticed Azrael
 27461 | D:13     | Killed Azrael
 27494 | Bazaar   | Entered a bazaar
 27497 | Bazaar   | Found Qiappe's Book Emporium.
 27498 | Bazaar   | Found Rytaulil's Armour Shoppe.
 27501 | Bazaar   | Noticed an ophan
 27504 | Bazaar   | Found Pulygiol's Antique Weapon Shoppe.
 27504 | Bazaar   | Found Feofeydy's Distillery.
 27540 | Bazaar   | Bought a book of the Sky for 704 gold pieces
 27554 | Bazaar   | Bought 2 potions of heal wounds for 150 gold pieces
 27554 | Bazaar   | Bought a potion of mutation for 120 gold pieces
 27554 | Bazaar   | Bought 2 potions of heal wounds for 150 gold pieces
 27559 | D:13     | Lost mutation: You are partially covered in large bone
                  | plates. (SH +4) [potion of mutation]
 27559 | D:13     | Gained mutation: You are strong-willed. (Will+) [potion of
                  | mutation]
 27559 | D:13     | Gained mutation: You are weak. (Str -2) [potion of
                  | mutation]
 27559 | D:13     | Gained mutation: You are frail. (-10% HP) [potion of
                  | mutation]
 27560 | D:13     | Lost mutation: You are frail. (-10% HP) [potion of
                  | mutation]
 27560 | D:13     | Lost mutation: You are strong-willed. (Will+) [potion of
                  | mutation]
 27560 | D:13     | Lost mutation: You are weak. (Str -2) [potion of mutation]
 27560 | D:13     | Gained mutation: You are weak. (Str -2) [potion of
                  | mutation]
 27560 | D:13     | Lost mutation: You are weak. (Str -2) [potion of mutation]
 27561 | D:13     | Gained mutation: You are partially covered in iridescent
                  | scales. (AC +2) [potion of mutation]
 27561 | D:13     | Gained mutation: Armour fits poorly on your strangely
                  | shaped body. [potion of mutation]
 27562 | D:13     | Lost mutation: You are partially covered in iridescent
                  | scales. (AC +2) [potion of mutation]
 27562 | D:13     | Lost mutation: Armour fits poorly on your strangely shaped
                  | body. [potion of mutation]
 27562 | D:13     | Gained mutation: You are somewhat resistant to further
                  | mutation. [potion of mutation]
 27715 | D:13     | Offered knowledge of Iskenderun's Battlesphere by Vehumet.
 28025 | D:13     | Found a basalt altar of Yredelemnul.
 28899 | D:14     | Reached XP level 15. HP: 90/90 MP: 18/25
 29244 | D:14     | Found a gate to the Vaults.
 29687 | D:14     | Found a runed translucent door.
 30046 | D:14     | Reached skill level 5 in Ice Magic
 30255 | D:15     | Entered Level 15 of the Dungeon
 30443 | D:15     | Reached skill level 24 in Air Magic
 30495 | D:15     | Found a stormy altar of Qazlal.
 30848 | D:15     | Found a staircase to the Depths.
 31367 | D:15     | Found a portal to a secret trove of treasure.
 31560 | Snake:1  | Entered Level 1 of the Snake Pit
 31565 | Snake:1  | Reached skill level 10 in Fighting
 31572 | Snake:1  | HP: 9/92 [salamander/arrow (1)]
 31576 | Snake:1  | Slain by a naga warrior

Illustrated notes

Levels and vault maps discovered:
D:1:      minmay_arrival_nine_rooms, layout_basic, serial_shops, shop_coins,
          basic_ecumenical_altar, minmay_misc_feat_five
D:2:      layout_basic, solitary_fountain, serial_bayou_ford_a, dk_vineyard_3,
          uniq_sigmund
D:3:      layout_loops_ring, uniq_ijyb
D:4:      layout_basic, fedhas_altar_decomposition, kennysheep_generic_room_9
D:5:      layout_basic
D:6:      layout_rooms, minmay_temple_entry_nine_rooms
D:7:      layout_loops_corners, uniq_joseph, uniq_pikel
D:8:      kennysheep_blocky_room, layout_basic, minmay_misc_feat_cross,
          uniq_psyche
D:9:      layout_loops_corners, erik_lair_island, david_orc_3, serial_shops,
          nicolae_shop_behind_doors, minivault_13
D:10:     minmay_the_grid_triangle_9x9_recursive_2_mashed
          [minmay_the_grid_triangle_9x9_prize_center,
          minmay_the_grid_triangle_9x9_from_above,
          minmay_the_grid_triangle_9x9_windchime,
          minmay_the_grid_triangle_9x9_subtriangle], layout_cave_pools
D:11:     layout_loops_ring, ploomutoo_gammafunk_ghost_potion_laboratory
D:12:     layout_small_grid, kennysheep_generic_room_13
D:13:     layout_loops_ring, serial_shops, bzr_entry_dummy,
          gauntlet_entry_generic, yredelemnul_altar_generic, uniq_azrael
D:14:     mludivico_vault, layout_cave_pools, skrybe_vaults_entry_preservation
D:15:     hangedman_depths_entry_try_elsewhere_first, layout_gridville,
          enter_trove_5, nicolae_qazlal_style_of_elements
Temple:   kilobyte_greek_temple
Lair:1:   layout_cave_shapes
Lair:2:   layout_cave_pods, uniq_sonja, uniq_fannar
Lair:3:   nzn_winding_woodlands_three_and_one [nzn_winding_woodlands_5x15_cabin,
          nzn_winding_woodlands_5x15_longhouse,
          nzn_winding_woodlands_5x15_default,
          nzn_winding_woodlands_center_garden], layout_regular_city,
          minmay_swamp_entry_reptiles, guppyfry_snake_entry_island,
          gammafunk_ghost_hive, serial_bayou_pond_c, uniq_gastronok
Lair:4:   layout_cave_shapes, serial_bayou_pond_b
Lair:5:   layout_cave_pods, slime_dummy, minmay_shattered_shrine,
          serial_bayou_shore_b
Lair:6:   gammafunk_lair_ancient_temple, layout_cave_pods
Snake:1:  layout_basic, nicolae_snake_double_loop, serial_bayou_shore_a,
          grunt_megastairs_2

Skill      XL: |  1  2  3  4  5  6  7  8  9 10 11 12 13 14 15 |
---------------+----------------------------------------------+-----
Air Magic      | 5 8 9 10 11 13 17 18 19 21 23 24 | 24.1
Fighting       | 1 2 4 5 8 9 10 | 10.0
Spellcasting   | 4 5 6 7 |  7.3
Summonings     | 3 5 |  5.0
Armour         | 5 |  5.0
Dodging        | 5 |  5.9
Shields        | 1 4 |  4.0
Conjurations   | 4 8 |  8.0
Ice Magic      | 3 6 |  6.0
Stealth        | |  2.0

Action                   |  1- 3 |  4- 6 |  7- 9 | 10-12 | 13-15 || total
-------------------------+-------+-------+-------+-------+-------++-------
Melee: Staff             |    15 |     2 |     8 |    16 |    33 ||    74
       Kick              |     6 |       |     8 |     7 |    19 ||    40
       Peck              |     3 |       |     4 |     5 |     6 ||    18
       Dagger            |       |       |    19 |       |       ||    19
       Eveningstar       |       |       |       |     6 |       ||     6
 Cast: Shock             |    86 |    63 |   181 |   343 |   509 ||  1182
       Airstrike         |       |     5 |    47 |    76 |   127 ||   255
       Summon Lightning  |       |       |    17 |    78 |   127 ||   222
       Poisonous Vapours |       |       |       |     9 |    42 ||    51
       Mephitic Cloud    |       |       |       |     8 |    13 ||    21
       Freezing Cloud    |       |       |       |     1 |    32 ||    33
       Lightning Bolt    |       |       |       |       |    10 ||    10
Evoke: Wand              |       |       |     1 |     5 |     2 ||     8
  Use: Scroll            |     1 |     1 |     6 |     9 |    10 ||    27
       Potion            |       |       |       |       |     9 ||     9
 Stab: Distracted        |       |       |       |     1 |       ||     1
Armor: Robe              |       |       |    11 |     2 |       ||    13
       Acid dragon scale |       |       |       |    27 |    20 ||    47
       Leather armour    |       |       |       |       |    25 ||    25
Dodge: Dodged            |    18 |     5 |    48 |   124 |   235 ||   430
Block: Buckler           |       |       |       |    14 |    87 ||   101

Table legend: (Time is in decaauts)
 A = Elapsed time spent in this place.
 B = Non-inter-level travel time spent in this place.
 C = Inter-level travel time spent in this place.
 D = Time resting spent in this place.
 E = Time spent auto-exploring this place.
 F = Levels seen in this place.
 G = Mean time per level.
                   A        B        C        D        E       F      G
               +--------+--------+--------+--------+--------+-----+--------+
         Total |  30184 |  28497 |   1687 |   6029 |  18257 |  25 | 1207.4 |
       Dungeon |  21776 |  20580 |   1196 |   4430 |  13225 |  15 | 1451.7 |
        Temple |    205 |    145 |     60 |      0 |    143 |   1 |  205.0 |
          Lair |   7733 |   7304 |    429 |   1385 |   4846 |   6 | 1288.8 |
     Snake Pit |     15 |     15 |      0 |      0 |      0 |   1 |   15.0 |
        Bazaar |     57 |     57 |      0 |      0 |      0 |   1 |   57.0 |
      Gauntlet |    396 |    396 |      0 |    214 |     41 |   1 |  396.0 |
               +--------+--------+--------+--------+--------+-----+--------+

Top non-repeatable levels by time:
     D:9: 2960 daAuts
  Lair:5: 2308 daAuts
     D:4: 2091 daAuts
     D:7: 1730 daAuts
     D:1: 1544 daAuts
    D:10: 1540 daAuts
    D:14: 1533 daAuts
     D:8: 1487 daAuts
    D:11: 1451 daAuts
     D:2: 1351 daAuts
  Lair:6: 1332 daAuts
  Lair:2: 1327 daAuts
     D:5: 1309 daAuts
  Lair:3: 1281 daAuts
    D:13: 1168 daAuts
